Map: Ruínas de Endion

Players

TheZergLord - Winner!

  • Race: Zerg Zerg
  • League: Master

ToP

  • Race: Zerg Zerg
  • League: Master

VOD

Have the link to the VOD?

Description

Time

  • Played on: May 6, 2016, 2:58 p.m.
  • Length: 9:25
Show
View Real Time Build Order
Export as new Build Order

TheZergLord Zerg - Winner!

Build Orders: Pool First 

Get SALT Encoding   

  12  0:20  Spawning Pool  
  11  0:23  Drone  
  11  0:27  Drone  
  13  0:32  Drone  
  14  0:41  Overlord  
  14  1:06  Queen  
  14  1:07  Zergling x6  
  19  1:19  Zergling x2  
  20  1:29  Zergling x2  
  21  1:33  Hatchery  
  20  1:44  Queen  
  22  1:52  Overlord  
  22  2:11  Drone  
  22  2:12  Drone  
  24  2:17  Drone x2  
  24  2:18  Drone x2  
  28  2:24  Extractor  
  28  2:29  Queen  
  29  2:34  Drone  
  30  2:54  Overlord  
  30  2:56  Drone  
  31  2:58  Drone  
  31  2:59  Drone x2  
  34  3:06  Spine Crawler, Drone x2  
  31  3:30  Zergling x6  
  31  3:31  Zergling x10  
  39  3:40  Roach Warren  
  37  3:50  Drone x2  
  39  4:04  Drone x2  
  39  4:05  Drone x3  
  43  4:12  Drone x2  
  44  4:35  Hatchery  
  43  4:42  Overlord x2  
  43  4:43  Drone  
  43  4:45  Lair  
  44  4:49  Evolution Chamber  
  43  5:01  Extractor  
  43  5:02  Extractor, Drone x6  
  43  5:03  Drone  
  43  5:04  Drone  
  49  5:11  Drone x4  
  53  5:18  Zerg Missile Weapons Level 1  
  53  5:23  Drone x3  
  53  5:24  Drone  
  53  5:27  Overlord  
  57  5:33  Roach  
  59  5:40  Overlord x2  
  59  5:44  Overseer  
  59  5:48  Roach  
  59  5:49  Roach x2  
  65  6:06  Roach x4  
  65  6:07  Roach x3  
  79  6:19  Overlord x2  
  79  6:22  Roach  
  79  6:23  Overseer  
  81  6:26  Glial Reconstitution  
  81  6:38  Roach x3  
  81  6:39  Roach x4  
  95  6:43  Roach  
  97  6:49  Overlord x3  
  97  7:09  Roach x5  
  97  7:10  Roach x4  
  115  7:16  Drone  
  115  7:17  Drone  
  115  7:20  Extractor, Roach  
  118  7:25  Roach x2  
  122  7:56  Overlord x3  
  122  7:57  Overlord x3  
  113  8:19  Roach x10  
  128  8:20  Roach x4  
  120  8:31  Roach x5  
  112  8:44  Ravager x2  
  112  8:48  Roach x5  
  122  8:49  Roach  
  118  8:58  Roach x3  
Show
View Real Time Build Order
Export as new Build Order

ToP Zerg 

Build Orders: Hatch First 

Get SALT Encoding   

  12  0:02  Drone  
  13  0:13  Overlord  
  13  0:21  Drone  
  14  0:33  Drone x2  
  16  0:36  Drone  
  17  0:55  Hatchery  
  16  0:57  Drone  
  16  1:00  Drone  
  18  1:08  Extractor  
  17  1:15  Spawning Pool  
  16  1:19  Drone  
  16  1:22  Drone  
  18  1:30  Drone  
  19  1:41  Overlord  
  19  1:51  Overlord  
  19  2:05  Spine Crawler, Zergling x2  
  19  2:08  Zergling x2  
  20  2:09  Metabolic Boost  
  20  2:16  Queen, Zergling x2  
  20  2:20  Zergling x2  
  24  2:28  Baneling Nest  
  23  2:35  Zergling x4  
  25  2:50  Drone  
  26  3:06  Hatchery  
  25  3:32  Overlord x2  
  25  3:39  Baneling x2  
  24  3:53  Drone x4  
  24  3:54  Queen  
  27  4:17  Drone  
  27  4:18  Drone x3  
  27  4:20  Queen  
  27  4:21  Drone  
  34  4:28  Drone  
  35  4:34  Overlord  
  35  4:37  Drone  
  35  4:40  Drone  
  35  4:43  Lair  
  35  4:45  Drone  
  37  4:47  Drone  
  37  4:48  Drone x2  
  40  5:02  Drone  
  40  5:03  Drone x2  
  40  5:06  Extractor  
  42  5:15  Drone x3  
  42  5:16  Drone  
  42  5:18  Hatchery  
  45  5:25  Evolution Chamber  
  44  5:30  Drone  
  44  5:31  Extractor, Drone x4  
  48  5:37  Overlord x2  
  47  5:57  Roach Warren  
  47  5:58  Zerg Missile Weapons Level 1  
  46  6:12  Drone x2  
  46  6:14  Queen x2  
  46  6:16  Overlord x2  
  46  6:17  Nydus Network  
  51  6:19  Overseer  
  51  6:36  Glial Reconstitution  
  51  6:39  Drone  
  52  6:40  Drone x10  
  62  6:57  Drone  
  62  6:58  Queen, Drone x7  
  72  7:04  Roach  
  74  7:09  Spore Crawler  
  74  7:10  Spore Crawler  
  74  7:15  Roach x3  
  78  7:20  Roach x2  
  78  7:21  Spore Crawler  
  82  7:31  Extractor x2, Roach  
  82  7:32  Roach x4  
  82  7:36  Overlord x3  
  90  7:52  Hydralisk Den  
  90  7:57  Roach x9  
  107  8:00  Ravager x5  
  107  8:02  Roach  
  108  8:17  Roach  
  108  8:18  Roach  
  95  8:21  Queen x2  
  95  8:23  Roach  
  95  8:26  Roach  
  91  8:27  Roach x6  
  95  8:37  Roach  
  95  8:38  Roach x4  
  103  8:43  Drone x2  
  91  9:00  Roach x8  
  91  9:01  Roach  
  103  9:03  Ravager x2  
Tags
 
Add a new tag
Caveats
  • Supply blocks, unpowered buildings, or Contaminate may cause inaccurate times.
  • Supply counts are checked every 10 seconds.